 Dungeon Crawl Stone Soup version 0.24.0-13-gcf9b319 (webtiles) character file.

Game seed: 8642058777058774351, levelgen mode: deterministic

1336 Fang the Skirmisher (level 8, -3/78 HPs)
             Began as a Gargoyle Berserker on Nov 15, 2019.
             Was an Elder of Trog.
             Slain by Duvessa
             ... wielding a +0 rapier
              (6 damage)
             ... on level 4 of the Dungeon on Nov 18, 2019.
             The game lasted 00:05:02 (2958 turns).

Fang the Skirmisher (Gargoyle Berserker)            Turns: 2958, Time: 00:05:03

Health: -3/78      AC:  0    Str: 29    XL:     8   Next: 61%
Magic:  8/8        EV: 22    Int:  7    God:    Trog [****..]
Gold:   117        SH:  0    Dex: 14    Spells: 7/7 levels left

rFire    . . .     SeeInvis .   (weapon currently unavailable)
rCold    . . .     Gourm    .   (shield currently unavailable)
rNeg     + . .     Faith    .   (armour currently unavailable)
rPois    ∞         Spirit   .   (helmet currently unavailable)
rElec    .         Reflect  .   (cloak currently unavailable)
rCorr    .         Harm     .   (gloves currently unavailable)
MR       .....                  (boots currently unavailable)
Stlth    ..........             (no amulet)
HPRegen  0.23/turn              (ring currently unavailable)
MPRegen  0.11/turn              (ring currently unavailable)

@: berserking, bat-form, flying, very quick
A: tiny, negative energy resistance 1, petrification resistance, rot immunity,
AC +5
a: Berserk, Trog's Hand, Brothers in Arms, Renounce Religion


You were on level 4 of the Dungeon.
You worshipped Trog.
Trog was greatly pleased with you.
You were hungry.
You were in bat-form.
You visited 1 branch of the dungeon, and saw 4 of its levels.

You collected 117 gold pieces.

Inventory:

Hand Weapons
 a - a +0 hand axe (melded)
Armour
 b - a +0 plate armour (melded)
Jewellery
 g - an uncursed ring of fire {unknown}
 o - a +2 ring of intelligence {unknown}
Wands
 l - a wand of flame (23)
 p - a wand of acid (13)
Scrolls
 d - 2 scrolls of fog {unknown}
 e - a scroll of random uselessness {unknown}
 h - 4 scrolls of teleportation {unknown}
 i - 2 scrolls of enchant weapon {unknown}
 n - 4 scrolls of remove curse {unknown}
 s - a scroll of identify {unknown}
Potions
 j - a potion of lignification {unknown}
 k - a potion of ambrosia {unknown}
 m - a potion of curing {unknown}
 q - 2 potions of brilliance {unknown}
 r - a potion of heal wounds {unknown}
Comestibles
 c - 10 rations
 f - 3 chunks of flesh


   Skills:
 + Level 6.5 Fighting
 + Level 5.3 Axes
 + Level 5.9 Armour
 + Level 4.4 Dodging


You had 7 spell levels left.
You didn't know any spells.
Your spell library was empty.

Dungeon Overview and Level Annotations

Branches:
Dungeon (4/15)
 Temple: D:4-7

Altars:
Qazlal
Yredelemnul

Shops:
D:4 }

Annotations:
D:4 Dowan, Duvessa


Innate Abilities, Weirdness & Mutations

You are resistant to torment.
((Your stone body is resilient. (AC +5)))
You are immune to poison.
You resist negative energy. (rN+)
((You are resistant to electric shocks. (rElec)))
((You can survive without breathing.))
You are immune to petrification.
You are immune to rotting.


Message History

Duvessa misses you.
You barely miss Duvessa.
Duvessa is moderately wounded.
You barely miss Duvessa.
Duvessa is moderately wounded.
Dowan gestures at Duvessa while chanting.
Duvessa seems to speed up.
Duvessa hits you with a +0 rapier!
* * * LOW HITPOINT WARNING * * *
You hit Duvessa.
Duvessa is heavily wounded.
Dowan closely misses you.
Duvessa gestures with her weapon.
Duvessa closely misses you.
You are feeling hungry.
You hit Duvessa.
Duvessa is severely wounded.
You bite Duvessa!
Duvessa is almost dead.
Duvessa hits you with a +0 rapier.
You die...

###.............#
##.....#.....#....
####....##.....##....
##..#.................
#.......###<........##
##.......###....>...#
...###......#..........##
#.........................
####.....b....#....######.
##.##.ee.#.##..........
#.......#.#........##.
....................##
.......................#
###.#..#........###...##
#...##....#.. ##.<.. ....
#...### .#...# #.....##


You could see Duvessa and Dowan.

Vanquished Creatures
  Pikel (D:4)
  Sigmund (D:3)
  Eustachio (D:4)
  2 slaves (D:4)
  An ogre (D:4)
  A scorpion (D:4)
  A hound (D:4)
  An orc priest (D:4)
  4 orc wizards (D:4)
  A worker ant (D:4)
  A hound skeleton (D:4)
  3 gnolls (D:4)
  8 adders
  A shadow imp (D:4)
  3 oozes
  An adder skeleton (D:4)
  3 worms
  A dart slug (D:3)
  5 leopard geckos
  5 orcs
  A ball python (D:2)
  5 giant cockroaches
  11 goblins
  13 hobgoblins
  5 jackals (D:2)
  6 kobolds
  2 quokkas (D:4)
  A ball python skeleton (D:4)
  7 bats
  5 frilled lizards
  A jackal skeleton (D:4)
  10 rats
112 creatures vanquished.

Notes
Turn   | Place    | Note
-------+----------+-------------------------------------------
     0 | D:1      | Fang the Gargoyle Berserker began the quest for the Orb.
     0 | D:1      | Reached XP level 1. HP: 14/14 MP: 1/1
   252 | D:1      | Reached XP level 2. HP: 8/19 MP: 2/2
   559 | D:1      | Reached XP level 3. HP: 22/24 MP: 3/3
   748 | D:2      | Reached ** piety under Trog
   786 | D:2      | Reached XP level 4. HP: 15/29 MP: 4/4
   910 | D:2      | You fall into a shaft and drop 1 floor!
   932 | D:3      | Reached skill level 4 in Fighting
  1056 | D:3      | Found a stormy altar of Qazlal.
  1290 | D:3      | Noticed Sigmund
  1299 | D:3      | Killed Sigmund
  1299 | D:3      | Reached XP level 5. HP: 34/34 MP: 5/5
  1299 | D:3      | Reached XP level 6. HP: 39/39 MP: 6/6
  1367 | D:3      | Found a basalt altar of Yredelemnul.
  1872 | D:2      | Reached *** piety under Trog
  2346 | D:4      | Reached skill level 5 in Fighting
  2349 | D:4      | Reached XP level 7. HP: 44/44 MP: 7/7
  2373 | D:4      | Found Icepaowu's Gadget Shoppe.
  2495 | D:4      | Noticed Eustachio
  2522 | D:4      | Killed Eustachio
  2522 | D:4      | Reached skill level 5 in Armour
  2559 | D:4      | Noticed Pikel
  2577 | D:4      | Killed Pikel
  2577 | D:4      | Reached skill level 6 in Fighting
  2577 | D:4      | Reached skill level 5 in Axes
  2577 | D:4      | Reached XP level 8. HP: 52/52 MP: 8/8
  2871 | D:4      | Reached **** piety under Trog
  2935 | D:4      | Noticed Duvessa
  2935 | D:4      | Noticed Dowan
  2955 | D:4      | HP: 2/78 [Duvessa/+0 rapier (13)]
  2958 | D:4      | Slain by Duvessa

Levels and vault maps discovered:
D:1:      wander_arrival_fairy_ring, layout_basic
D:2:      layout_rooms, serial_corexii_hall, corexii_hall_statues_l,
          corexii_hall_statues_x, chequers_hall_statues_corner_a,
          corexii_hall_statues_l, minmay_small_reverse_x
D:3:      layout_basic, lemuel_crystal_altar, first_ration,
          grunt_qazlal_sundering, uniq_sigmund
D:4:      layout_cave_pools, serial_shops, shop, minmay_puff, uniq_duvessa,
          uniq_pikel, uniq_eustachio, uniq_blork_the_orc

Skill      XL: |  1  2  3  4  5  6  7 |
---------------+----------------------+-----
Axes           | 3 4 5 |  5.3
Dodging        | 2 3 4 |  4.4
Armour         | 3 4 5 |  5.9
Fighting       | 4 5 6 |  6.5

Action                   |  1- 3 |  4- 6 |  7- 9 || total
-------------------------+-------+-------+-------++-------
Melee: Hand axe          |   116 |   171 |   122 ||   409
       Unarmed           |       |       |    19 ||    19
Invok: Berserk           |       |     2 |     2 ||     4
       Trog's Hand       |       |       |     1 ||     1
  Eat: Chunk             |       |     6 |     5 ||    11
Armor: Animal skin       |    39 |     1 |       ||    40
       Plate armour      |       |   150 |   123 ||   273
Dodge: Dodged            |   113 |    71 |   107 ||   291
